 Dungeon Crawl Stone Soup version 0.29.1-12-g30fa7ad0bf (webtiles) character file.

Game seed: 13946212386884044410

1223 wormed the Sneak (level 8, -15/51 HPs)
             Began as a Kobold Monk on Dec 28, 2022.
             Demolished by an ogre
             ... wielding a +0 giant club
              (26 damage)
             ... on level 5 of the Dungeon.
             The game lasted 00:12:49 (5804 turns).

wormed the Sneak (Kobold Monk)                      Turns: 5804, Time: 00:12:50

Health: -15/51     AC:  3    Str:  8    XL:     8   Next: 76%
Magic:  8/8        EV: 17    Int: 12    God:
Gold:   222        SH:  0    Dex: 19    Spells: 7/7 levels left

rFire   . . .      SeeInvis .   a - +0 falchion
rCold   . . .      Faith    .   (no shield)
rNeg    . . .      Spirit   .   f - +0 leather armour
rPois   .          Reflect  .   (no helmet)
rElec   .          Harm     .   (no cloak)
rCorr   .          Rampage  .   (no gloves)
Will    +....                   (no boots)
Stlth   ++........              d - amulet of regeneration
HPRegen 0.97/turn               n - ring of willpower
MPRegen 0.11/turn               (no ring)

@: very slow
A: small, no large weapons, nightstalker 3
a: no special abilities


You were on level 5 of the Dungeon.
You visited 1 branch of the dungeon, and saw 5 of its levels.
You also visited: Sewer.

You collected 222 gold pieces.

Inventory:

Hand Weapons
 a - a +0 falchion (weapon)
Missiles
 m - 24 poisoned darts (quivered)
 u - a curare-tipped dart
 v - 5 atropa-tipped darts
Armour
 f - a +0 leather armour (worn)
Jewellery
 d - an amulet of regeneration (around neck)
 h - a ring of fire
 j - a ring of magical power
 n - a ring of willpower (left hand)
Scrolls
 b - a scroll of amnesia {unknown}
 e - 2 scrolls of teleportation
 g - a scroll of identify
 k - a scroll of butterflies {unknown}
 r - a scroll of immolation {unknown}
Potions
 c - a potion of ambrosia
 i - 2 potions of brilliance {unknown}
 l - a potion of attraction {unknown}
 o - 3 potions of magic {unknown}
 p - a potion of berserk rage {unknown}
 q - 4 potions of mutation
 t - 3 potions of heal wounds {unknown}


   Skills:
 + Level 5.7 Fighting
 * Level 5.7 Long Blades
 + Level 6.5 Dodging
 + Level 6.9 Stealth


You had 7 spell levels left.
You didn't know any spells.
Your spell library was empty.

Dungeon Overview and Level Annotations

Branches:
Dungeon (5/15)              Sewer (visited)
 Temple: D:4-7

Altars:
Nemelex Xobeh
The Shining One

Annotations:
D:4 Dowan, Duvessa, Eustachio


Innate Abilities, Weirdness & Mutations

You are small and have problems with some larger weapons.
You are completely attuned to the shadows.


Message History

You kill the iguana!
No target in view!
No target in view!
An ogre comes into view. It is wielding a +0 giant club.
An ogre is nearby!
Throw: 27 darts (poison)
Press: ? - help, Q - select action, (/) - cycle Shift-Dir - straight line, f - ogre
Aim: an ogre, wielding a +0 giant club (asleep, 98% to hit)
You throw a poisoned dart. The poisoned dart hits the ogre.
The ogre shouts!
Unknown command.
Throw: 26 darts (poison)
Press: ? - help, Q - select action, (/) - cycle Shift-Dir - straight line, f/p - ogre
Aim: an ogre, wielding a +0 giant club (77% to hit)
You throw a poisoned dart.
The poisoned dart barely misses the ogre.
Throw: 25 darts (poison)
Press: ? - help, Q - select action, (/) - cycle Shift-Dir - straight line, f/p - ogre
Aim: an ogre, wielding a +0 giant club (77% to hit)
You throw a poisoned dart. The poisoned dart hits the ogre.
The ogre is poisoned.
You closely miss the ogre.
The ogre hits you with a +0 giant club!!
The ogre attacks as you move away! The ogre hits you with a +0 giant club!
* * * LOW HITPOINT WARNING * * *
The ogre attacks as you move away! The ogre completely misses you.
The ogre looks more healthy.
The ogre attacks as you move away! The ogre closely misses you.
Press: ? - help, v - describe, . - travel The floor.
You hit the plant.
The plant begins to die.
The plant is lightly damaged.
The ogre hits you with a +0 giant club!!
* * * LOW HITPOINT WARNING * * *
You enter the shallow water.
Moving in this stuff is going to be slow.
A nearby plant withers and dies.
The ogre hits you with a +0 giant club!!
Ouch! That really hurt!
You die...

....#
#.~~~P..>.~P♣~~.######
...##
##P~~~P#[P~~♣~~....... ..##
#.P♣~~~~~P♣≈~.#.####.
.########.~P♣P~P~~≈~P~..#
..........P~~♣♣~♣≈≈~~.####.
♣#####.....P~~~♣♣≈~~P.†....
~#####......~~♣♣≈♣~~..#####
♣............~≈≈~~P~.##
♣.##.........~~O@P.P.#
♣.##.#.....#.~P~P~~#.# #..#
♣....####.###~~...##.# #..#
###### #.# #...####.# #..#
#.### #.# #..# #.# #..###
##.# #..... #..# ##.##.
#.#########.##.


You could see an ogre.

Vanquished Creatures
  Grinder (D:3)
  A black bear (D:4)
  An ogre (D:5)
  3 kobold brigands (Sewer)
  2 scorpions
  A hound (D:5)
  Terence (D:3)
  4 iguanas (D:5)
  2 orc wizards
  6 gnolls
  11 adders
  2 river rats (Sewer)
  A white imp (D:5)
  2 worms
  2 dart slugs
  6 orcs
  16 endoplasms
  5 giant cockroaches
  4 goblins
  4 hobgoblins
  9 jackals
  7 quokkas
  10 ball pythons
  3 bats
  3 frilled lizards
  29 kobolds
  24 rats
160 creatures vanquished.

Vanquished Creatures (others)
  19 plants (D:5)
19 creatures vanquished.

Grand Total: 179 creatures vanquished

Notes
Turn   | Place    | Note
-------+----------+-------------------------------------------
     0 | D:1      | wormed the Kobold Monk began the quest for the Orb.
     0 | D:1      | Reached XP level 1. HP: 14/14 MP: 1/1
   375 | D:1      | Reached XP level 2. HP: 19/19 MP: 2/2
   860 | D:1      | Reached XP level 3. HP: 23/23 MP: 3/3
  1850 | D:2      | Reached XP level 4. HP: 29/29 MP: 4/4
  2529 | D:3      | Found a faded altar of an unknown god.
  2542 | D:3      | Noticed Terence
  2545 | D:3      | Killed Terence
  2546 | D:3      | Reached XP level 5. HP: 33/33 MP: 5/5
  3196 | D:3      | Found a glowing drain.
  3200 | Sewer    | Entered a sewer
  3319 | Sewer    | Noticed a kobold brigand
  3329 | Sewer    | Killed a kobold brigand
  3330 | Sewer    | Reached XP level 6. HP: 34/38 MP: 6/6
  3462 | Sewer    | Reached skill level 5 in Dodging
  3567 | Sewer    | Reached skill level 5 in Stealth
  3567 | Sewer    | Reached XP level 7. HP: 32/44 MP: 7/7
  4260 | D:3      | Found a sparkling altar of Nemelex Xobeh.
  4409 | D:3      | Noticed Grinder
  4467 | D:4      | Noticed Dowan
  4479 | D:3      | Killed Grinder
  4480 | D:3      | Reached skill level 5 in Fighting
  4490 | D:4      | Reached XP level 8. HP: 40/49 MP: 8/8
  4930 | D:4      | Reached skill level 5 in Long Blades
  5029 | D:4      | Noticed Duvessa
  5287 | D:4      | Found a glowing golden altar of the Shining One.
  5302 | D:4      | Noticed Eustachio
  5383 | D:5      | Entered Level 5 of the Dungeon
  5804 | D:5      | Demolished by an ogre

Illustrated notes

Levels and vault maps discovered:
D:1:      saegor_arrival_simple_c, layout_basic
D:2:      layout_basic, hangedman_feature_mirror
D:3:      layout_basic, nemelex_xobeh_ov_fountains_minmay,
          nicolae_ecumenical_pavilion, gup_sewer_entry_bowl, uniq_terence,
          uniq_grinder
D:4:      layout_layer_cave, nicolae_tso_carved_into_rock, uniq_duvessa,
          uniq_eustachio
D:5:      minmay_angry_zag, layout_loops_ring, serial_bayou,
          serial_bayou_pond_c, serial_bayou_pond_b, serial_bayou_ford_a,
          serial_bayou_lagoon_a, serial_shops, nicolae_shop_behind_doors

Skill      XL: |  1  2  3  4  5  6  7  8 |
---------------+-------------------------+-----
Stealth        | 3 4 5 6 |  6.9
Dodging        | 4 5 6 |  6.5
Long Blades    | 3 4 5 |  5.7
Fighting       | 4 5 |  5.7

Action                   |  1- 3 |  4- 6 |  7- 9 || total
-------------------------+-------+-------+-------++-------
Melee: Falchion          |    97 |   194 |   246 ||   537
       Punch             |     1 |     2 |     2 ||     5
Throw: Dart              |       |     3 |    37 ||    40
Evoke: Wand              |     1 |    15 |     3 ||    19
  Use: Scroll            |       |       |     6 ||     6
       Potion            |       |       |     4 ||     4
 Stab: Sleeping          |    10 |    18 |    15 ||    43
       Distracted        |     1 |       |     1 ||     2
Armor: Robe              |     4 |       |       ||     4
       Leather armour    |     9 |    41 |    37 ||    87
Dodge: Dodged            |    78 |   210 |   213 ||   501
